Map: Odyssey LE

Players

Luxilon

  • Race: Protoss Protoss
  • League: Master
  • Spawn Location: 11:00

PiG - Winner!

  • Race: Terran Terran
  • League: Grandmaster
  • Spawn Location: 5:00

VOD

Have the link to the VOD?

Description

Time

  • Played on: Aug. 27, 2017, 10:33 p.m.
  • Length: 7:39
Show
View Real Time Build Order
Export as new Build Order

Luxilon Protoss 

Build Orders:  

Get SALT Encoding   

  12  0:00  Probe (Chrono Boost)  
  13  0:11  Probe (Chrono Boost)  
  14  0:16  Pylon  
  14  0:22  Probe (Chrono Boost)  
  15  0:35  Probe (Chrono Boost)  
  16  0:37  Gateway  
  16  0:45  Probe (Chrono Boost)  
  16  0:46  Assimilator  
  17  0:56  Probe (Chrono Boost)  
  18  1:06  Probe (Chrono Boost)  
  19  1:13  Assimilator  
  19  1:15  Pylon  
  19  1:17  Probe (Chrono Boost)  
  20  1:24  Cybernetics Core  
  20  1:26  Zealot (Chrono Boost)  
  20  1:30  Probe  
  23  1:42  Probe (Chrono Boost)  
  24  1:54  Probe (Chrono Boost)  
  25  2:01  Pylon  
  25  2:06  Mothership Core (Chrono Boost)  
  26  2:08  Warp Gate (Chrono Boost)  
  26  2:15  Stalker  
  28  2:28  Probe (Chrono Boost)  
  29  2:41  Nexus  
  29  2:46  Pylon  
  29  2:58  Probe (Chrono Boost)  
  30  3:04  Stargate  
  30  3:12  Gateway  
  30  3:23  Gateway  
  30  3:25  Probe (Chrono Boost)  
  31  3:30  Stalker (Chrono Boost)  
  33  3:36  Probe (Chrono Boost)  
  32  3:57  Probe x2  
  37  4:06  Twilight Council  
  37  4:09  Probe x2  
  33  4:21  Probe (Chrono Boost)  
  33  4:22  Stalker x2  
  38  4:25  Probe (Chrono Boost)  
  38  4:28  Pylon  
  39  4:33  Probe (Chrono Boost)  
  39  4:36  Probe (Chrono Boost)  
  41  4:42  Probe (Chrono Boost)  
  41  4:43  Blink (Chrono Boost)  
  42  4:47  Sentry x2, Probe  
  42  4:52  Stalker  
  49  4:53  Probe (Chrono Boost)  
  50  5:00  Probe (Chrono Boost)  
  50  5:05  Probe (Chrono Boost)  
  52  5:07  Robotics Facility  
  49  5:26  Probe x2 (Chrono Boost)  
  48  5:34  Stalker x3  
  43  5:44  Pylon  
  43  5:46  Probe x2 (Chrono Boost)  
  41  5:55  Observer (Chrono Boost)  
  39  6:08  Probe x2 (Chrono Boost)  
  41  6:19  Probe x2 (Chrono Boost)  
  43  6:30  Probe x2 (Chrono Boost)  
  45  6:38  Warp Prism  
  47  6:40  Probe x2 (Chrono Boost)  
  49  6:51  Probe x2 (Chrono Boost)  
  51  6:56  Sentry, Stalker  
  55  7:02  Probe x2 (Chrono Boost)  
  57  7:09  Stalker  
  57  7:12  Probe x2 (Chrono Boost)  
Show
View Real Time Build Order
Export as new Build Order

PiG Terran - Winner!

Build Orders: Cyclone Opening 

Get SALT Encoding   

  12  0:01  SCV  
  13  0:13  SCV  
  14  0:17  Supply Depot  
  14  0:25  SCV  
  15  0:39  SCV  
  15  0:40  Barracks  
  16  0:46  Refinery  
  16  0:51  SCV  
  16  0:56  Refinery  
  18  1:04  SCV  
  18  1:16  SCV  
  19  1:28  Orbital Command, Reaper  
  20  1:36  Supply Depot  
  20  1:45  Factory  
  20  1:55  SCV  
  20  2:00  Reaper  
  22  2:10  SCV  
  22  2:12  Supply Depot  
  23  2:22  SCV  
  24  2:33  Cyclone  
  24  2:34  SCV  
  24  2:35  Starport  
  28  2:46  SCV  
  29  2:58  SCV  
  30  3:05  Cyclone  
  33  3:10  SCV  
  34  3:14  Barracks  
  34  3:16  Barracks  
  34  3:17  Starport Tech Lab  
  34  3:24  SCV  
  35  3:30  Supply Depot  
  35  3:37  Cloaking Field  
  35  3:40  Banshee  
  38  3:45  SCV  
  39  3:58  SCV  
  40  4:07  Barracks Tech Lab  
  40  4:08  Barracks Reactor x2  
  40  4:10  Supply Depot  
  40  4:19  SCV  
  40  4:23  Command Center  
  40  4:30  Banshee  
  43  4:34  SCV  
  44  4:40  Stimpack  
  44  4:46  Factory Reactor  
  44  4:48  SCV  
  44  4:49  Marine  
  44  4:50  Marine  
  47  4:54  Marine  
  48  5:01  SCV  
  45  5:35  Marine x4, SCV  
  48  5:36  Marauder  
  48  5:37  Orbital Command  
  48  5:42  Supply Depot, Engineering Bay  
  52  5:53  SCV  
  52  5:54  Marine  
  52  5:55  Marine x3, Starport Reactor  
  52  5:56  Widow Mine x2  
  57  5:57  Marine  
  59  6:12  Marine x2, SCV x2  
  59  6:13  Marine  
  59  6:16  Supply Depot  
  64  6:21  Marine x2, Refinery  
  64  6:24  SCV x2  
  68  6:30  Marine x3  
  71  6:33  Medivac x2  
  71  6:37  SCV  
  76  6:40  Supply Depot, SCV  
  76  6:42  Marine  
  76  6:43  Marauder  
  80  6:49  SCV  
  80  6:52  SCV  
  82  6:54  Marine  
  82  6:55  Marine x2  
  82  7:01  SCV  
  86  7:02  Supply Depot  
  86  7:04  Marauder  
  91  7:08  SCV  
  91  7:14  Marine x2  
  94  7:25  Supply Depot  
Tags
 
Add a new tag
Caveats
  • Supply blocks, unpowered buildings, or Contaminate may cause inaccurate times.
  • Supply counts are checked every 10 seconds.